[ PARTIDA AOE2 · #470889490 ]
UnrankedTártaros vs Portuguese
Equipo del jugador · VICT
Equipo rival · DERR
[ ANÁLISIS DE REPETICIÓN · EXTRAÍDO DE LA PARTIDA GRABADA ]
Feudal
—
Castillos
—
Imperial
—
| APM promedio | 25.5 |
| APM pico | 34 |
| eAPM promedio | 8.6 |
| Aldeanos / militares | 8 / 0 |
Foco
⚔️ 0.0% · 🌾 100.0%
Feudal
—
Castillos
—
Imperial
—
| APM promedio | 130.6 |
| APM pico | 408 |
| eAPM promedio | 123.0 |
| Aldeanos / militares | 20 / 0 |
Foco
⚔️ 0.2% · 🌾 99.8%
Mapa de la partida
Recursos iniciales + cada clic de construcción. Líneas = muros · curvas = relieve. ◆ oro · ⬟ piedra · ● bayas · ✦ reliquia · ◌ hueco del cierre
Tu base
Base de FerJ4m
Terreno inicial suavizado · ◌ = hueco del cierre detectado · pasá el cursor para detalles
Inputs por minuto
— andresf.rodriguezve - - FerJ4m
Build order — andresf.rodriguezve
13 acciones detectadas en el replay
| 0:06 | Construir | House |
| 0:13 | Crear | Villager (Male) |
| 0:13 | Crear | Villager (Male) |
| 1:00 | Crear | Villager (Male) |
| 1:15 | Construir | Mill |
| 1:21 | Crear | Villager (Male) |
| 2:00 | Crear | Villager (Male) |
| 2:17 | Construir | House |
| 2:21 | Construir | House |
| 2:34 | Crear | Villager (Male) |
| 2:36 | Investigar | Loom |
| 3:13 | Crear | Villager (Male) |
| 3:50 | Crear | Villager (Male) |
Build order — FerJ4m
25 acciones detectadas en el replay
| 0:05 | Construir | House |
| 0:08 | Construir | House |
| 0:10 | Crear | Villager (Male) |
| 0:10 | Crear | Villager (Male) |
| 0:11 | Crear | Villager (Male) |
| 0:11 | Crear | Villager (Male) |
| 0:11 | Crear | Villager (Male) |
| 0:11 | Crear | Villager (Male) |
| 1:40 | Construir | Lumber Camp |
| 1:41 | Construir | Lumber Camp |
| 2:16 | Crear | Villager (Male) |
| 2:16 | Crear | Villager (Male) |
| 2:16 | Crear | Villager (Male) |
| 3:02 | Construir | Palisade Wall |
| 3:05 | Crear | Villager (Male) |
| 3:55 | Crear | Villager (Male) |
| 3:55 | Crear | Villager (Male) |
| 3:55 | Crear | Villager (Male) |
| 3:55 | Crear | Villager (Male) |
| 3:55 | Crear | Villager (Male) |
| 3:55 | Crear | Villager (Male) |
| 3:55 | Crear | Villager (Male) |
| 3:55 | Crear | Villager (Male) |
| 3:55 | Crear | Villager (Male) |
| 3:55 | Crear | Villager (Male) |
Cronología de la partida
| 3:02 | FerJ4m · wall_segment Palisade Wall x15 |
| 3:58 | FerJ4m · resign |
[ ANÁLISIS IA · 1 CRÉDITO ]
¿Qué pasó realmente en esta partida?
Wolo.gg analiza cada decisión: build order, eco, micro, errores típicos por bracket. Análisis personalizado por WhatsApp o Discord en 30 segundos.
Guía civ
Tártaros
Perfil
Jugador #10422754